 BcadrenCrawl: Boulder Brew version 0.05.21-53-g31332eff37 (webtiles) character file.

Game seed: 10030566736510266640, levelgen mode: deterministic

277 diana the Chopper (level 6, -3/44 HPs) Oozomorph Gladiator. Began on Aug 15, 2021. Slain by a sewer rat (6 damage) ... on level 2 of the Dungeon. The game lasted 00:03:22 (1156 turns).

diana the Chopper (Oozomorph Gladiator)             Turns: 1156, Time: 00:03:22

Health: -3/44      AC:  3    Str: 16    XL:     6 ^: 336
Magic:  7/7        EV: 16    Int:  8    God:
Gold:   63         SH:  0    Dex: 15    Spells: 5/5 levels left

rFire    . . .     Vision   .   a - +0 war axe
rCold    . . .     Gourm    .   (no weapon)
rNeg     . . .     Faith    .   b - +0 leather armour
rCorr    + + +     Spirit   .   (no armour)
rPois    .         Reflect  .   (no armour)
rElec    .         Harm     .   (no armour)
MR       .....                  (no armour)
Stlth    +.........             (no armour)
HPRegen  0.24/turn              (nothing subsumed)
MPRegen  0.17/turn              (no amulet)
                                e - ring of evasion
                                (no ring)

@: no status effects
A: cytoplasmic subsumption, amorphous body, gelatinous body 1
a: Subsume Item


You were on level 2 of the Dungeon.
You were very hungry.

You visited 1 branch of the dungeon, and saw 2 of its levels.

You collected 63 gold pieces.

Inventory:

Weapons
 a - a +0 war axe (weapon)
Armour
 b - a +0 leather armour (worn)
 c - a +0 helmet
Jewellery
 e - a ring of evasion (left hand)
 h - an uncursed amulet of faith
Wands
 d - a wand of ensnaring (9)
Scrolls
 j - a scroll of enchantment
Potions
 g - a potion of brilliance
 i - a potion of cure mutation
Comestibles
 f - 4 rations


   Skills:
 + Level 4.3 Fighting
 + Level 4.6 Axes & Hammers
 + Level 2.9 Armour
 - Level 2.4 Dodging
 - Level 2.0 Evocations


You had 5 spell levels left.
You didn't know any spells.
Your spell library was empty.

Dungeon Overview and Level Annotations

Branches:
Dungeon (2/8)

Altars:


Innate Abilities, Weirdness & Mutations

You may subsume any weapon, armour, or jewellery into your cytoplasm to benefit from its magical properties.
Your body is completely amorphous, allowing you to wear any combination of armour.
You have seven amorphous slots; replacing the normal gear slots.
Body armours and bardings take two slots, all other armours take one.
Your gelatinous form is immune to acid, constriction and sticky flames. (rCorr+, Slime)


Message History

The sewer rat barely misses you (0). The sewer rat blocks your attack.
You hit the ooze but do no damage.
The ooze is healthy. (13/13) HP You hit the sewer rat (2).
The sewer rat is heavily wounded. (5/10) HP You hit the sewer rat but do no damage. x2
The sewer rat is severely wounded. (3/11) HP The sewer rat bites you (4).
* * * LOW HITPOINT WARNING * * *
The sewer rat bites you (4).
* * * LOW HITPOINT WARNING * * *
The sewer rat bites you (3).
* * * LOW HITPOINT WARNING * * *
You hear a slurping noise.
The ooze misses you (0). The sewer rat bites you (3).
* * * LOW HITPOINT WARNING * * *
Unknown command.
Unknown command.
The sewer rat closely misses you (0). The sewer rat bites you (6).
You die...

#.. #..
#≈≈≈ #≈≈
#.≈≈
#≈≈≈###
#≈≈;rr#
#≈≈ZJ@#
#≈≈≈r÷#
#≈≈≈≈###
#.≈≈≈#
≈≈≈≈#
≈.## #


You could see a submerged ooze, 3 submerged sewer rats, a submerged adder
skeleton and a neutral slimehead (wandering) (passive).

Vanquished Creatures
  A jelly (D:2)
  7 giant cockroaches
  An adder (D:1)
  6 sewer rats
  4 cinder newts
  4 oozes
  2 dart slugs (D:1)
  2 leopard geckos (D:1)
  3 goblins (D:1)
  3 hobgoblins (D:1)
  6 bats (D:1)
  4 kobolds (D:1)
  6 rats (D:1)
49 creatures vanquished.

Vanquished Creatures (others)
  A giant cockroach (D:2)
  8 withered plants (D:2)
9 creatures vanquished.

Grand Total: 58 creatures vanquished

Notes
Turn   | Place    | Note
-------+----------+-------------------------------------------
     0 | D:1      | diana the Oozomorph Gladiator began the quest for the Orb.
     0 | D:1      | Reached XP level 1. HP: 14/14 MP: 2/2
    41 | D:1      | Reached XP level 2. HP: 16/20 MP: 3/3
   213 | D:1      | Reached skill level 1 in Armour
   213 | D:1      | Reached XP level 3. HP: 25/25 MP: 4/4
   614 | D:1      | Reached XP level 4. HP: 29/31 MP: 5/5
   761 | D:2      | Reached XP level 5. HP: 28/37 MP: 6/6
  1153 | D:2      | Reached XP level 6. HP: 28/44 MP: 7/7
  1156 | D:2      | Slain by a sewer rat

Levels and vault maps discovered:
D:1:      lightli_arrival_boilingwater, layout_basic, first_ration
D:2:      layout_sewer, dancing_weapons_uskayaw, sewer_frog_spiral,
          uniq_natasha, uniq_duvessa, uniq_purgy

Skill      XL: |  1  2  3  4  5 |
---------------+----------------+-----
Armour         | 1 2 |  2.9
Fighting       | 3 4 |  4.3
Axes & Hammers | 4 |  4.6
Dodging        | |  2.4
Evocations     | |  2.0

Action                   |  1- 3 |  4- 6 || total
-------------------------+-------+-------++-------
Melee: War axe           |    48 |    92 ||   140
       Unarmed           |    25 |    76 ||   101
Armor: Skin              |    15 |    17 ||    32
Dodge: Dodged            |    33 |   206 ||   239
